Map: Romanticide LE

Players

Semper

  • Race: Terran Terran

MCanning - Winner!

  • Race: Protoss Protoss

Event: DreamHack SC2 Masters 2021 Fall

VOD

Have the link to the VOD?

Description

Time

  • Played on: Aug. 6, 2021, 4:07 p.m.
  • Length: 15:22

All games in this series

Show
View Real Time Build Order
Export as new Build Order

Semper Terran 

Build Orders:  

Get SALT Encoding   

  12  0:00  SCV  
  13  0:12  SCV  
  14  0:17  Supply Depot  
  14  0:24  SCV  
  15  0:39  SCV  
  15  0:40  Barracks  
  16  0:43  Refinery  
  16  0:51  SCV  
  17  1:03  SCV  
  18  1:15  SCV  
  19  1:27  Marine, Orbital Command  
  20  1:43  Command Center  
  20  1:46  Barracks Reactor  
  21  1:54  SCV  
  21  1:58  Supply Depot  
  21  2:06  SCV  
  22  2:11  Factory  
  22  2:18  SCV  
  22  2:22  Marine x2  
  25  2:26  Refinery  
  25  2:30  SCV  
  26  2:40  Marine x2  
  26  2:42  SCV  
  29  2:54  SCV  
  29  2:55  Orbital Command  
  29  2:56  Hellion  
  32  2:59  Starport  
  32  3:06  Marine x2  
  32  3:09  SCV  
  35  3:17  Hellion  
  37  3:21  SCV  
  37  3:22  Supply Depot  
  37  3:26  Marine x2  
  40  3:32  SCV  
  40  3:33  SCV  
  42  3:37  Medivac  
  44  3:44  SCV, Supply Depot  
  44  3:46  Hellion  
  44  3:48  Marine x2  
  49  3:56  SCV  
  49  4:00  SCV  
  51  4:04  Barracks  
  51  4:10  Barracks  
  51  4:11  Factory Tech Lab  
  51  4:13  Starport Tech Lab  
  51  4:15  SCV x2  
  53  4:18  Bunker  
  53  4:19  Marine, Engineering Bay  
  53  4:21  Marine  
  55  4:27  SCV  
  56  4:31  Supply Depot  
  56  4:32  Raven  
  56  4:37  SCV  
  59  4:39  SCV  
  60  4:48  Supply Depot  
  60  4:53  Siege Tank  
  60  4:56  SCV  
  62  5:06  Marine x2  
  60  5:09  SCV x2  
  60  5:10  Terran Infantry Weapons Level 1  
  62  5:21  Refinery, SCV  
  63  5:22  Stimpack  
  63  5:23  Marauder  
  65  5:28  SCV  
  65  5:31  Marauder  
  65  5:32  Combat Shield, Starport Reactor  
  65  5:34  Factory Tech Lab  
  65  5:35  Refinery  
  68  5:36  Supply Depot x2  
  68  5:37  SCV  
  68  5:39  Supply Depot  
  68  5:42  Marine x2  
  70  5:46  SCV  
  70  5:50  Marauder  
  70  5:53  SCV  
  73  5:59  SCV  
  74  6:04  Command Center  
  74  6:07  Marine x2  
  74  6:08  Marauder  
  74  6:11  Medivac x2  
  82  6:12  SCV x2  
  84  6:21  Marine  
  84  6:23  Barracks  
  84  6:24  Barracks  
  85  6:26  SCV  
  85  6:27  SCV  
  85  6:31  Supply Depot  
  87  6:37  Marine x2  
  87  6:38  SCV  
  88  6:44  SCV  
  88  6:46  Medivac  
  88  6:47  Medivac  
  96  6:51  SCV  
  96  6:52  Marine x2  
  96  6:55  Marine  
  96  6:56  SCV  
  96  6:58  Factory Reactor  
  96  6:59  Marine, Bunker  
  99  7:03  SCV  
  99  7:08  Missile Turret  
  100  7:10  SCV  
  100  7:13  Missile Turret  
  100  7:15  SCV  
  101  7:16  Marine  
  101  7:17  Barracks Reactor, Barracks Tech Lab  
  101  7:19  Orbital Command  
  103  7:22  SCV  
  103  7:27  SCV  
  103  7:29  Marine x2  
  106  7:36  Marine  
  107  7:38  SCV  
  107  7:40  Marine  
  107  7:41  Marine  
  110  7:46  Widow Mine x2, Medivac  
  110  7:47  Marine, Medivac, Marauder  
  110  7:50  Refinery x2  
  121  7:51  Terran Infantry Armor Level 1  
  121  7:52  Supply Depot  
  121  7:54  Marine  
  121  7:58  SCV, Marauder  
  124  8:00  SCV  
  124  8:01  Marine  
  125  8:10  Supply Depot x2  
  125  8:13  Marine x2, Armory, Engineering Bay  
  125  8:14  Marauder  
  125  8:16  Medivac  
  125  8:17  Medivac  
  133  8:21  SCV  
  133  8:31  Marine x2  
  133  8:32  Marauder x2  
  138  8:34  Marine  
  138  8:35  Siege Tank, Marauder  
  138  8:40  Supply Depot  
  144  8:41  SCV x2  
  144  8:44  Missile Turret  
  144  8:46  Marine  
  147  8:53  Marauder  
  149  8:59  Supply Depot  
  149  9:02  Marine, Viking, Marauder, SCV  
  155  9:03  Viking  
  155  9:09  Marine, Marauder  
  156  9:15  Missile Turret  
  156  9:16  Supply Depot  
  154  9:17  Bunker  
  154  9:20  Siege Tank  
  157  9:30  Terran Infantry Weapons Level 2  
  157  9:33  Command Center  
  157  9:34  Viking  
  159  9:40  Viking  
  159  9:44  Ghost Academy  
  161  9:45  Marine  
  161  9:46  Marine x4  
  166  9:52  Marine  
  166  9:53  Marine  
  166  9:58  SCV  
  169  10:03  Marine x3  
  169  10:04  Marauder  
  173  10:08  Terran Infantry Armor Level 2, Terran Ship Weapons Level 1  
  173  10:12  Marauder  
  173  10:18  Enhanced Shockwaves  
  173  10:20  Supply Depot  
  173  10:22  Supply Depot  
  173  10:23  Marine x2, Viking, Marauder  
  179  10:32  Viking  
  181  10:40  Barracks  
  181  10:42  Siege Tank  
  184  10:43  Barracks x2  
  184  10:45  Ghost x2  
  187  10:50  Sensor Tower  
  187  10:56  Ghost  
  189  11:05  Missile Turret  
  183  11:12  SCV x2  
  183  11:13  Ghost  
  183  11:14  SCV  
  183  11:15  Marine x3  
  183  11:16  Marauder  
  180  11:24  SCV x2  
  181  11:30  Bunker, Ghost  
  181  11:31  SCV  
  184  11:36  Ghost  
  185  11:48  Ghost  
  185  11:49  Marine x2, Barracks Tech Lab x2  
  189  11:56  Terran Infantry Weapons Level 3  
  189  11:57  SCV x2  
  190  12:12  Planetary Fortress, Ghost  
  190  12:13  Marine  
  190  12:15  Liberator  
  193  12:18  Missile Turret  
  193  12:25  Liberator  
  196  12:33  SCV  
  196  12:34  SCV  
  196  12:36  Sensor Tower  
  196  12:42  SCV  
  192  12:46  SCV  
  192  12:50  Refinery x2, Command Center  
  193  13:00  Liberator  
  196  13:05  Marine  
  196  13:06  Marine x3, Barracks Tech Lab  
  180  13:20  SCV x2  
  180  13:26  Marine  
  175  13:27  Marine x3, Marauder  
  175  13:32  SCV  
  175  13:34  Viking  
  180  13:40  Marine x2  
  180  13:42  Marine x2, Marauder  
  180  13:47  Marine x2  
  180  13:51  Marine x3  
  165  13:56  Orbital Command  
  165  13:58  Marine  
  165  14:00  Marine x2  
  143  14:03  Marine  
  143  14:05  Marine x2  
  143  14:09  Marine x2  
  138  14:10  Marauder  
  138  14:16  Marine  
  136  14:18  Marine, Marauder  
  136  14:21  Marine  
  136  14:23  Marine x2  
  142  14:25  Medivac x2  
  142  14:27  Marine x2  
  142  14:30  Ghost  
  150  14:34  Marine  
  150  14:52  Refinery, Sensor Tower, Missile Turret  
  149  14:53  Refinery, Bunker  
  149  14:54  Marine x2  
  149  14:55  Marine x3, Marauder  
  158  15:03  Missile Turret  
Show
View Real Time Build Order
Export as new Build Order

MCanning Protoss - Winner!

Build Orders: 1 Gate Expand, Blink Stalkers 

Get SALT Encoding   

  12  0:00  Probe  
  13  0:12  Probe  
  14  0:17  Pylon  
  14  0:24  Probe  
  15  0:36  Gateway, Probe (Chrono Boost)  
  16  0:46  Assimilator, Probe (Chrono Boost)  
  17  0:51  Probe (Chrono Boost)  
  18  1:03  Probe  
  19  1:15  Probe  
  20  1:22  Nexus  
  20  1:31  Cybernetics Core  
  20  1:38  Probe  
  21  1:44  Pylon  
  21  1:50  Assimilator, Probe  
  22  2:02  Probe (Chrono Boost)  
  22  2:05  Adept (Chrono Boost)  
  25  2:10  Warp Gate  
  25  2:15  Probe (Chrono Boost)  
  26  2:21  Probe (Chrono Boost)  
  27  2:26  Twilight Council  
  27  2:29  Probe (Chrono Boost)  
  28  2:36  Probe (Chrono Boost)  
  29  2:38  Stalker  
  32  2:47  Probe x2 (Chrono Boost)  
  33  2:52  Probe (Chrono Boost)  
  33  2:54  Probe (Chrono Boost)  
  33  2:55  Blink (Chrono Boost)  
  35  3:02  Probe  
  35  3:05  Probe  
  37  3:14  Probe  
  37  3:17  Probe  
  37  3:19  Gateway  
  39  3:21  Gateway  
  39  3:26  Probe  
  40  3:28  Pylon  
  40  3:29  Probe  
  41  3:38  Probe  
  41  3:40  Robotics Facility  
  42  3:41  Probe  
  43  3:50  Assimilator, Probe  
  43  3:53  Probe  
  45  3:58  Sentry  
  45  3:59  Shield Battery  
  48  4:02  Probe  
  48  4:04  Nexus  
  48  4:08  Pylon  
  48  4:10  Probe  
  48  4:15  Stalker, Probe  
  52  4:20  Pylon  
  52  4:22  Stalker  
  54  4:26  Probe  
  54  4:28  Probe  
  54  4:30  Observer  
  57  4:32  Stalker  
  57  4:34  Charge  
  59  4:38  Probe  
  59  4:42  Stalker  
  62  4:48  Stalker  
  64  4:53  Probe  
  64  4:56  Probe  
  64  4:59  Stalker  
  64  5:05  Probe (Chrono Boost)  
  63  5:11  Probe (Chrono Boost)  
  64  5:17  Probe (Chrono Boost)  
  67  5:24  Probe x3 (Chrono Boost)  
  68  5:29  Gateway  
  68  5:30  Gateway  
  68  5:32  Probe x3  
  68  5:34  Sentry  
  73  5:38  Shield Battery  
  73  5:41  Gateway  
  73  5:43  Gateway  
  73  5:44  Probe  
  73  5:45  Probe  
  73  5:49  Observer (Chrono Boost)  
  75  5:52  Probe  
  75  5:53  Robotics Bay  
  75  5:56  Pylon  
  77  6:03  Zealot  
  79  6:06  Immortal (Chrono Boost)  
  82  6:12  Stalker  
  82  6:16  Pylon  
  82  6:17  Pylon  
  84  6:22  Zealot  
  84  6:25  Shield Battery, Probe  
  87  6:29  Zealot x3  
  93  6:34  Probe  
  93  6:39  Probe x2  
  94  6:41  Disruptor (Chrono Boost)  
  94  6:43  Forge  
  94  6:44  Forge  
  94  6:47  Zealot  
  99  6:51  Assimilator  
  99  6:58  Extended Thermal Lance  
  99  6:59  Probe  
  100  7:02  Assimilator, Probe  
  100  7:04  Stalker x3  
  100  7:05  Pylon  
  100  7:07  Pylon  
  107  7:08  Shield Battery  
  107  7:12  Pylon  
  107  7:18  Pylon  
  107  7:20  Assimilator  
  107  7:21  Pylon  
  107  7:26  Colossus (Chrono Boost)  
  107  7:27  Protoss Ground Weapons Level 1 (Chrono Boost)  
  111  7:32  Probe  
  111  7:33  Nexus  
  111  7:36  Probe  
  111  7:37  Protoss Ground Armor Level 1 (Chrono Boost), Probe  
  111  7:44  Gateway, Probe  
  111  7:45  Zealot  
  111  7:48  Probe  
  111  7:50  Zealot  
  117  7:52  Probe  
  117  7:56  Robotics Facility, Probe  
  119  8:00  Probe  
  119  8:04  Colossus (Chrono Boost), Probe  
  119  8:08  Zealot, Probe  
  119  8:10  Pylon  
  128  8:13  Probe  
  128  8:17  Zealot x3  
  134  8:28  Stalker x2  
  134  8:29  Stalker  
  134  8:30  Shield Battery  
  134  8:31  Probe  
  141  8:36  Zealot  
  143  8:42  Observer  
  143  8:44  Photon Cannon  
  144  8:49  Disruptor (Chrono Boost)  
  144  8:52  Templar Archives, Gateway, Zealot  
  144  8:54  Probe  
  148  8:58  Probe  
  148  9:01  Zealot  
  149  9:09  Photon Cannon  
  152  9:10  Disruptor (Chrono Boost)  
  152  9:19  Photon Cannon  
  152  9:20  Zealot  
  152  9:21  Disruptor (Chrono Boost)  
  157  9:28  Zealot x3  
  157  9:29  Protoss Ground Weapons Level 2 (Chrono Boost), Zealot x4  
  171  9:35  Pylon  
  171  9:44  Gateway  
  171  9:45  Pylon, Protoss Ground Armor Level 2 (Chrono Boost)  
  171  9:49  Assimilator, Zealot  
  171  9:52  Disruptor  
  172  9:54  Dark Shrine  
  172  9:57  Zealot x2  
  177  10:03  Disruptor  
  180  10:13  Zealot x4  
  188  10:19  Psionic Storm  
  188  10:20  Pylon  
  187  10:22  Pylon  
  187  10:24  Pylon  
  187  10:26  Probe  
  187  10:32  Assimilator  
  187  10:35  Photon Cannon  
  187  10:37  Shield Battery  
  187  10:42  Pylon x2, High Templar  
  189  10:43  High Templar  
  189  10:45  Gateway  
  189  10:48  Photon Cannon, Probe  
  192  10:51  Pylon  
  192  10:55  Zealot x4  
  200  11:01  Nexus  
  200  11:03  Pylon  
  198  11:04  Pylon, Zealot  
  194  11:14  Disruptor  
  195  11:21  Stalker x3  
  191  11:26  Photon Cannon x2  
  191  11:28  Dark Templar, Photon Cannon  
  191  11:29  Shield Battery, Zealot x3  
  195  11:34  Protoss Ground Weapons Level 3 (Chrono Boost)  
  195  11:38  Protoss Ground Armor Level 3 (Chrono Boost)  
  195  11:57  Dark Templar  
  195  11:58  Shadow Stride (Chrono Boost), Gateway  
  195  11:59  Zealot  
  199  12:06  Photon Cannon  
  199  12:09  Assimilator  
  199  12:12  Assimilator  
  199  12:14  Dark Templar  
  199  12:15  Zealot x5  
  191  12:38  Stalker x4  
  191  12:39  Probe  
  190  12:44  High Templar  
  190  12:47  High Templar  
  194  12:51  Pylon  
  194  13:02  Photon Cannon  
  194  13:05  Zealot x4  
  196  13:16  Nexus  
  196  13:18  Pylon  
  182  13:23  Dark Templar, Zealot  
  182  13:24  Disruptor, Zealot x6  
  193  13:43  Disruptor  
  193  13:45  Zealot x3  
  178  14:06  Stalker x8  
  184  14:16  Disruptor  
  157  14:25  Dark Templar x2, Photon Cannon  
  157  14:26  Dark Templar x2, Photon Cannon  
  157  14:28  Photon Cannon  
  157  14:29  Shield Battery  
  157  14:30  High Templar  
  167  14:31  High Templar x4  
  167  14:32  High Templar x2  
  167  14:34  Dark Templar  
  167  14:37  Archon  
  167  14:38  Archon x2  
  185  15:03  Dark Templar x4  

Tags
 
Add a new tag
Caveats
  • Supply blocks, unpowered buildings, or Contaminate may cause inaccurate times.
  • Supply counts are checked every 10 seconds.